Cogmind - Beta 14 @@@ ROGUE MODE // 2024.12.01 @ 09:47:02 Player: Shimmyarah Result: Destroyed by 1A-S9R(R) with Subdweller Laser Performance ------------- Evolutions (0) 0 Regions Visited (2) 400 Robots Destroyed (20) 100 Value Destroyed (533) 533 Prototype IDs (13) 260 Alien Tech Used (0) 0 Bonus (0) 0 TOTAL SCORE: 1293 Bonus ------- None Cogmind --------- Core Integrity 0/250 Matter 278/300 Energy 267/300 System Corruption 0% Temperature Warm (170) Movement Rolling (117) Ox1 Location -10/Subcaves Parts ------- > --- POWER (1+1) ------ Subdweller Power Source Subdweller Power Source (+) > --- PROPULSION (2+1) - Aluminum Leg (+) Compact Wheel Subdweller Monowheel > --- UTILITY (2+1) ---- Scrap Shield (+) Rainbow Chip > --- WEAPON (2+1) ----- Subdweller Laser Subdweller Beam Cannon Subdweller Beam Cannon (+) > --- INVENTORY (5) ---- Subdweller Monowheel Seismic Detector Subdweller Machine Gun Dirty Datajack (20) Enhanced Flamer Peak State ------------ > --- POWER ------------ Subdweller Power Source Subdweller Power Source > --- PROPULSION ------- Aluminum Leg Compact Wheel Subdweller Monowheel > --- UTILITY ---------- Huge Storage Unit Rainbow Chip > --- WEAPON ----------- Subdweller Laser Subdweller Beam Cannon Subdweller Beam Cannon > --- INVENTORY -------- Disposable Heat Sink Small Storage Unit Small Battery Seismic Detector Targeting Computer Scrap Shield EM Pulse Gun Battle Rifle Subdweller Machine Gun Dirty Datajack Multitool Flamer Enhanced Flamer Piercing Trap Scrap Shield Fragment Scrap Shield Fragment Scrap Shield Fragment Scrap Shield Fragment Scrap Shield Fragment Scrap Shield Fragment Scrap Shield Fragment [Rating: 32] Favorites ----------- Power Ion Engine Engine Ion Engine Propulsion Light Treads Treads Light Treads Leg Aluminum Leg Wheel Compact Wheel Utility Huge Storage Unit Device Improved Terrain Scanner Storage Huge Storage Unit Processor Rainbow Chip Protection Scrap Shield Weapon Subdweller Beam Cannon Energy Gun Subdweller Laser Energy Cannon Subdweller Beam Cannon Ballistic Gun Assault Rifle Ballistic Cannon Light Cannon Special Weapon Mining Laser Build | -11 -10 -10 ------- Run | Yrd Mat Sub Slots Evolved . | . . . Power . | . . . Propulsion . | . . . Utility . | . . . Weapon . | . . . Parts Attached 32 | 2 11 19 Power 3 | . . 3 Engine 3 | . . 3 Core . | . . . Reactor . | . . . Propulsion 10 | . 5 5 Treads 4 | . 3 1 Leg 2 | . . 2 Wheel 4 | . 2 2 Hover . | . . . Flight . | . . . Utility 8 | 1 2 5 Device 5 | 1 1 3 Storage 1 | . 1 . Processor 1 | . . 1 Hackware . | . . . Protection 1 | . . 1 Artifact . | . . . Weapon 11 | 1 4 6 Energy Gun 2 | . . 2 Energy Cannon 2 | . . 2 Ballistic Gun 4 | 1 1 2 Ballistic Cannon 1 | . 1 . Launcher . | . . . Special Weapon 2 | . 2 . Impact Weapon . | . . . Slashing Weapon . | . . . Piercing Weapon . | . . . Special Melee Weapon . | . . . Unidentified Prototypes . | . . . Parts Lost 11 | . 1 10 Power 2 | . . 2 Propulsion 4 | . . 4 Utility 1 | . . 1 Weapon 4 | . 1 3 Highest Loss Streak 5 | . 1 5 To Critical Strikes 1 | . . 1 Average Slot Usage (%) 93 | . 99 90 Engine 11 | . 14 10 Treads 11 | . 19 7 Leg 4 | . . 6 Wheel 12 | . 7 14 Device 11 | . 14 9 Storage 13 | . 14 13 Energy Gun 10 | . 14 8 Energy Cannon 5 | . . 8 Ballistic Gun 5 | . 5 5 Ballistic Cannon 5 | . 5 5 Peak Build Rating 32 | 8 9 32 Average Rating 11 | 6 8 12 On Entrance 7 | 6 8 9 Naked Turns . | . . . Heaviest Build 110 | 14 90 110 Greatest Support 40 | 20 40 36 Greatest Overweight (x) 9 | . 8 9 Average Overweight (x) 4 | . 5 4 Largest Inventory Capacity 25 | 8 25 25 Average Capacity 23 | 8 24 24 Most Carried 25 | 8 10 25 Average Carried 14 | 7 8 17 Final Capacity 25 | 8 25 5 Final Carried 9 | 8 9 5 Class Distribution -------------------- 94% | Mutant Dominant Class ---------------- Mutant | -10/Materials Mutant | -10/Subcaves Resources | -11 -10 -10 ----------- Run | Yrd Mat Sub Matter Collected 636 | 247 183 206 Remotely . | . . . Salvage Created 633 | 140 319 174 Parts 49 | 9 23 17 Haulers Intercepted . | . . . Recyclers Shooed 1 | . 1 . Parts Field Recycled . | . . . Retrieved Matter . | . . . Parts Self-Destructed 8 | . . 8 Prevented . | . . . Kills | -11 -10 -10 ------- Run | Yrd Mat Sub Combat Hostiles Destroyed 13 | . 7 6 Guns 3 | . 3 . Cannons 10 | . 4 6 Classes Destroyed 7 | 2 4 1 Builder 2 | . 2 . Tunneler 3 | 3 . . Recycler 1 | 1 . . Watcher 1 | . 1 . Swarmer 1 | . 1 . Grunt 6 | . 6 . Subdweller 6 | . . 6 Best Kill Streak 2 | 1 2 2 Combat Bots Only 2 | . 2 2 Max Kills in Single Turn 1 | 1 1 1 Gunslinging . | . . . Exploded . | . . . Melee . | . . . Uniques/NPCs Destroyed . | . . . Combat | -11 -10 -10 -------- Run | Yrd Mat Sub Hostile Shots Fired 86 | . 48 38 Missed 17 | . 12 5 Damage Taken 1377 | . 460 917 Core 264 | . 55 209 Absorbed by Shields . | . . . Core Remaining (%) 100 | 100 . . Volleys Fired 69 | 9 31 29 Largest 3 | 2 2 3 Hottest 220 | 60 100 220 Shots Fired 133 | 18 55 60 Gun 80 | 18 34 28 Cannon 46 | . 14 32 Launcher . | . . . Special 7 | . 7 . Kinetic 56 | 9 24 23 Thermal 77 | 9 31 37 Explosive . | . . . Electromagnetic . | . . . Robot Hit Streak 17 | 6 10 17 Robot Miss Streak 4 | 1 4 2 Penetration Max . | . . . Secondary Targets . | . . . Shots Hit Robots 74 | 10 32 32 Core Hits 29 | 5 16 8 Critical Kills . | . . . Critical Parts Destroyed . | . . . Critical Strikes 1 | . . 1 Destroy 1 | . . 1 Melee Attacks . | . . . Impact . | . . . Slashing . | . . . Piercing . | . . . Sneak Attacks . | . . . Combat Hostiles . | . . . Follow-up Attacks . | . . . Damage Inflicted 1240 | 112 470 658 Guns 609 | 112 278 219 Cannons 612 | . 173 439 Explosions . | . . . Melee . | . . . Ramming 19 | . 19 . Kinetic 537 | 36 261 240 Thermal 684 | 76 190 418 Explosive . | . . . Electromagnetic . | . . . Impact . | . . . Slashing . | . . . Piercing . | . . . Highest Corruption . | . . . Average Corruption . | . . . Corruption Purged . | . . . Corruption Blocked . | . . . Overload Shots . | . . . Overflow Damage . | . . . Projectiles . | . . . Explosions . | . . . Melee . | . . . Knockbacks 9 | . 6 3 Impact . | . . . Kinetic 8 | . 5 3 Secondary 1 | . 1 . Self-Inflicted Damage 8 | . 8 . Shots . | . . . Rammed 4 | . 4 . Targets Rammed 4 | . 4 . Kicked . | . . . Crushed . | . . . Highest Temperature 164 | . 141 164 Average Temperature 32 | . 35 26 Received Heat Transfer 372 | . 225 147 Siege Activations . | . . . Robots Corrupted . | . . . Combat Hostiles . | . . . Parts Fried . | . . . Impact Corruptions . | . . . Robots Melted . | . . . Combat Hostiles . | . . . Parts Melted 1 | . . 1 Heat Transferred 1170 | 175 425 570 Parts Sabotaged . | . . . Parts Stolen . | . . . Parts Stripped . | . . . Power Chain Reactions . | . . . Alert | -11 -10 -10 ------- Run | Yrd Mat Sub Peak Influence 143 | 20 143 . Initial 13 | . 13 . Average 52 | 11 59 . Maximum Alert Level . | . . . Low Security (%) 100 | 100 100 . Level 1 . | . . . Level 2 . | . . . Level 3 . | . . . Level 4 . | . . . Level 5 . | . . . High Security . | . . . Max Security . | . . . Squads Dispatched 1 | . 1 . Investigation 1 | . 1 . Extermination . | . . . Reinforcement . | . . . Assault . | . . . Garrison . | . . . Intercept . | . . . Searches Triggered . | . . . Construction Impeded . | . . . Haulers Reinforced . | . . . Active Scanning Responses . | . . . Cargo Convoy Interrupts . | . . . Stealth | -11 -10 -10 --------- Run | Yrd Mat Sub Distress Signals 3 | . 3 . Communications Jammed . | . . . Distress Signals . | . . . Times Spotted 25 | . 18 7 Peak Tracking Total 4 | . 4 2 Tactical Retreats 3 | . 3 . Traps | -11 -10 -10 ------- Run | Yrd Mat Sub Traps Triggered 7 | . 3 4 Indirectly . | . . . Trap Hack Attempts . | . . . Triggered . | . . . Disarmed . | . . . Reprogrammed . | . . . Reused . | . . . Traps Extracted . | . . . Installed . | . . . Triggered . | . . . Most Traps Carried 1 | . . 1 Machines | -11 -10 -10 ---------- Run | Yrd Mat Sub Machines Disabled 1 | . . 1 Max in Single Turn 1 | . . 1 Machines Repaired . | . . . Machines Dismantled . | . . . Machines Sabotaged . | . . . Overloaded Fab Kills . | . . . Hacking | -11 -10 -10 --------- Run | Yrd Mat Sub Machines Accessed 4 | . 3 1 Terminals 2 | . 2 . Fabricators . | . . . Repair Stations . | . . . Recycling Units 1 | . 1 . Scanalyzers . | . . . Garrison Access . | . . . Total Hacks 18 | . 9 9 Successful 12 | . 3 9 Failed 6 | . 6 . Catastrophic . | . . . Database Lockouts . | . . . Manual 1 | . 1 . Terminals 5 | . 5 . Fabricators . | . . . Repair Stations . | . . . Recycling Units 4 | . 4 . Scanalyzers . | . . . Garrison Access . | . . . Terminal Hacks 10 | . 1 9 Record 8 | . . 8 Prototype ID Bank 1 | . 1 . Derelict Proto ID Bank 1 | . . 1 Fabricator Hacks . | . . . Repair Station Hacks . | . . . Recycling Unit Hacks 1 | . 1 . Retrieve Components 1 | . 1 . Scanalyzer . | . . . Garrison Access Hacks . | . . . Unauthorized Hacks 1 | . 1 . Terminals . | . . . Fabricators . | . . . Repair Stations . | . . . Recycling Units 1 | . 1 . Reject 1 | . 1 . Scanalyzers . | . . . Garrison Access . | . . . Data Cores Recovered . | . . . Used . | . . . Hacking Detections 3 | . 3 . Full Trace Events 1 | . 1 . Feedback Events . | . . . Feedback Blocked . | . . . Robot Schematics Acquired . | . . . Robots Built . | . . . Authchips . | . . . Time . | . . . Total Robot Build Rating . | . . . Part Schematics Acquired . | . . . Parts Built . | . . . Authchips . | . . . Time . | . . . Total Part Build Rating . | . . . Parts Repaired . | . . . Time . | . . . Parts Recycled . | . . . Recycled Matter . | . . . Retrieved Matter . | . . . Retrieved Components 10 | . 10 . Parts Scanalyzed . | . . . Part Schematics Acquired . | . . . Parts Damaged . | . . . Bothacking | -11 -10 -10 ------------ Run | Yrd Mat Sub Used RIF Installer . | . . . Robots Hacked . | . . . Non-combat . | . . . Combat . | . . . Robot Hacks Applied . | . . . Relay Couplers Released . | . . . Fabnet Peak Effective % . | . . . Robots Rewired . | . . . Allies Hacked . | . . . Hacks Repelled . | . . . Allies | -11 -10 -10 -------- Run | Yrd Mat Sub Total Allies . | . . . Largest Group . | . . . Highest-Rated Group . | . . . Highest-Rated Ally . | . . . Total Orders . | . . . Ally Attacks . | . . . Total Damage . | . . . Kills . | . . . Allies Corrupted . | . . . Allies Melted . | . . . Intel | -11 -10 -10 ------- Run | Yrd Mat Sub Robot Analysis Total . | . . . Derelict Logs Recovered 2 | . . 2 Drone Launches . | . . . Drone Recoveries . | . . . Exploration | -11 -10 -10 ------------- Run | Yrd Mat Sub Turns Passed 2858 | 143 880 1835 Spaces Moved 1381 | 91 336 954 Core . | . . . Treads 83 | . 83 . Legs 114 | 91 20 3 Wheels 1184 | . 233 951 Hover . | . . . Flight . | . . . Fastest Speed 95 | 120 95 117 Average Speed 182 | 120 222 174 Slowest Speed 750 | 120 320 750 Overloaded Moves . | . . . Propulsion Burnouts . | . . . Robots Hopped . | . . . Cave-ins Triggered . | . . . Exploration Rate (%) 29 | 4 47 37 Regions Visited 2 Branch Regions 1 Pre-discovered Areas 1 | . . 1 Known Exits Taken . | . . . Unknown Exits Taken 2 | 1 1 . Scrap Searched 1 | . . 1 Spaces Dug 2 | . 2 . Terrain Destroyed 3 | . 2 1 Melee . | . . . Projectile 3 | . 2 1 AOE . | . . . Terrain Rammed . | . . . Walls Destroyed . | . . . Machines Disabled . | . . . Actions | -11 -10 -10 --------- Run | Yrd Mat Sub Total 1569 | 106 391 1072 Wait 31 | . 6 25 Move 1379 | 90 335 954 Hop . | . . . Pick Up 43 | 4 3 36 Fast Attach 1 | . . 1 Attach 17 | 1 2 14 Detach . | . . . Swap 14 | 1 9 4 Drop 11 | 1 1 9 Fire 69 | 9 31 29 Melee . | . . . Ram 3 | . 3 . Kick . | . . . Crush 1 | . 1 . Escape Stasis . | . . . Rewire . | . . . Trap . | . . . Miscellaneous . | . . . Route ------- -11/Scrapyard -10/Materials (discovered 3 exits: [*Mat x2] / *Sub) -10/Subcaves (discovered 2 exits: [*Mat] / Rec) History --------- Turn | Location | Event 12 | -11/Scrapyard | Discovered new exit (range 3) 144 | -11/Scrapyard | Entered Materials 263 | -10/Materials | Discovered new exit (range 15) 313 | -10/Materials | Build established: Mutant 390 | -10/Materials | Discovered new exit (range 9) 418 | -10/Materials | Discovered new exit (range 15) 1024 | -10/Materials | Entered Subcaves 1111 | -10/Subcaves | Lost 3 parts (2n1w) 1129 | -10/Subcaves | Learned location of Zion (-7) 1129 | -10/Subcaves | Met a Zionite searching for "candidates" 1264 | -10/Subcaves | A swath of the cavern ceiling suddenly collapsed 1435 | -10/Subcaves | Disturbed a concealed Subdweller 1499 | -10/Subcaves | Shifting Twisted Machinery released Sub. Laser 1521 | -10/Subcaves | Shifting Twisted Machinery released Sub. Beam Cannon 1558 | -10/Subcaves | Discovered new exit (range 4) 1749 | -10/Subcaves | Core integrity fell below 50% 1783 | -10/Subcaves | Core integrity fell below 20% 1811 | -10/Subcaves | Lost 5 parts (1p1n1u2w) 2673 | -10/Subcaves | Learned location of 1 exit from Materials 2679 | -10/Subcaves | Visited 4L-MR0's lab 2702 | -10/Subcaves | Found Rainbow Chip 2704 | -10/Subcaves | Attached Rainbow Chip, gained temporary slots: Power, Propulsion, Utility, Weapon 2840 | -10/Subcaves | Identified exit to Recycling 2859 | -10/Subcaves | Destroyed by 1A-S9R(R) with Subdweller Laser Last Messages --------------- 02783_ Dropped Huge Storage Unit. 02784_ Subatomizers dissect the Sub. Machine Gun. 02785_ Dropped Scrap Shield Fragment. 02788_ Acquired Scrap Shield Fragment. 02789_ Dropped Scrap Shield Fragment. 02798_ Subatomizers dissect the Sub. Machine Gun. 02799_ Acquired Sub. Monowheel. 02801_ Acquired Multitool. 02802_ Extracted 2 energy. 02804_ Acquired Enh. Flamer. 02810_ Subatomizers dissect the Sub. Machine Gun. 02823_ Dropped Multitool. 02823_ Acquired Dirty Datajack. 02824_ Subatomizers dissect the Sub. Machine Gun. 02840_ Acquired derelict log, extracted data. Loading 1 Subcaves exit... Map ----- +----------------------------------------------------+ | | | ?????????????????????????????????????????????????? | | ?????????????????????????????????????????????????? | | ??????????????????#####??????????????????????????? | | ?????????########## "##?????????????????????????? | | ?????????# ""##"" "#?????????????????????????? | | ?????????### # "#?????????????????????????? | | ?????????#"""X" + "#?????????????????????????? | | ?????????#"""""""# ""#?????????????????????????? | | ?????????########## ""#?????????????????????????? | | ?????????????????# "#?????????????????????????? | | ????????????###### """#?????????????????????????? | | ????????????# # ##?????????????????????????? | | ????????????## "#??????????????????????????? | | ????????????#" #" ##??????????????????????????? | | ???????#??### "##########??????????????????????? | | ??????## ## " ### #??????????????????????? | | ?????## #??????????????????????? | | ####?# #### ### #?####?????????????????? | | # ### ### ### #?????????????????? | | # ## &&& ####### "##????????????????? | | ###?## [ ! !##??## " ##???????????????? | | ## #???# & !&[&##?# " "#???????????????? | | ?# ###?## &!!&| #?# ""#???????????????? | | ## #??## ##& [ #?# #????????????????? | | # ####### ### | ##?#@ ""#????????????????? | | ## ###### #??##R ###"#????????????????? | | ## #### # #"##???????????????? | | # ## """#???????????????? | | ###### ## ### " #???????????????? | | ##???### ######?# ####"#???????????????? | | #?????# ##???# #???#???????????????? | | ??????# #??# #???????????????????? | | ??????## #???????????????????? | | ???????##### #???????????????????? | | ???????????### ??????????????????? | | ?????????????## ?????????????????? | | ??????????????## ????????????????? | | ???????????????## ??????????????? | | ????????????????## #### ##??????????????? | | ?????????????????## ##??? ???????????????? | | ??????????????????# ##?????#???????????????? | | ??????????????????## ##??????????????????????? | | ???????????????????## ##???????????????????????? | | ?????????????????????# #?????????????????????????? | | ?????????????????????????????????????????????????? | | ?????????????????????????????????????????????????? | | ?????????????????????????????????????????????????? | | ?????????????????????????????????????????????????? | | ?????????????????????????????????????????????????? | +----------------------------------------------------+ Best States ------------- Heat Dissipation 25 Energy Generation 25 Energy Capacity 300 Matter Stores 300 Matter Capacity 300 Sight Range 21 Terrain Scan Range 16 Terrain Scan Density 10 Armor Coverage 800 Evasion (%) 55 Recoil Reduction 2 Item Schematics ----------------- None Robot Schematics ------------------ None Fabricated ------------ Nothing Alien Tech Used ----------------- None Achievements -------------- None Challenges ------------ None Game ------ Seed AssaultSeismicModule Manual? 0 Play Time 00:18:52 Cumulative 86.0 hours Start 2024.12.01 @ 09:30:49 End 2024.12.01 @ 09:47:02 Sessions 1 Manual Loads 0 Difficulty Rogue Special Mode None Game No. 126 Rogue 126 Adventurer 0 Explorer 0 Win Type - Total 0 Types 0/0/0/0/0/0/0/0/0 Lore% 55 Gallery% 44 Achievement% 33 Wizard Run 0 Options --------- Layout 1 ASCII 0 Keyboard 0 Movement Arrows Keybinds 0 Fullscreen 1 Font 24/Smallcaps Map View 50x40 Zoom Use 0% Tactical HUD 1 Map Filters NONE Filters NONE Steam 1 RUN: 2bc21509-aee6-4cd0-8f25-4361de6470f8